 Dungeon Crawl Stone Soup version 0.30-a0-779-g7971cf19c3 (webtiles) character file.

Game seed: 2115443973374704323

6 barkas the Ruffian (level 1, 0/19 HPs)
             Began as an Armataur Cinder Acolyte on Feb 18, 2023.
             Was a High Priest of Ignis.
             Succumbed to a goblin's poison
             ... on level 1 of the Dungeon.
             The game lasted 00:00:22 (128 turns).

barkas the Ruffian (Armataur Cinder Acolyte)         Turns: 128, Time: 00:00:22

Health: 0/19       AC: 11    Str: 19    XL:     1   Next: 75%
Magic:  2/2        EV:  9    Int: 14    God:    Ignis [*****.]
Gold:   0          SH:  5    Dex:  5    Spells: 2/2 levels left

rFire   + . .      SeeInvis .      - Unarmed
rCold   . . .      Faith    .    (no shield)
rNeg    . . .      Spirit   .    a - +0 robe
rPois   .          Reflect  +    (no helmet)
rElec   .          Harm     .    (no cloak)
rCorr   .          Roll     +    (no gloves)
Will    .....                    (no barding)
Stlth   +                        b - amulet of reflection
HPRegen 0.23/turn                (no ring)
MPRegen 0.08/turn                (no ring)

@: lethally poisoned (0 -> -3), fiery-armoured
A: large, rugged brown scales 3, deformed body, armoured tail, roll, long
tongue, awkward tongue
a: Renounce Religion, Fiery Armour, Foxfire Swarm, Rising Flame


You were on level 1 of the Dungeon.
You worshipped Ignis.
Ignis was extremely pleased with you.
You visited 1 branch of the dungeon, and saw 1 of its levels.

Inventory:

Armour
 a - a +0 robe (worn)
Jewellery
 b - an amulet of reflection (around neck)


   Skills:
 + Level 2.9 Fighting
 - Level 2.9 Unarmed Combat
 - Level 1.0 Spellcasting
 - Level 2.6 Fire Magic


You had 2 spell levels left.
You didn't know any spells.
Your spell library contained the following spells:

 Spells                   Type           Power      Damage    Failure   Level
 Scorch                   Fire           16%        2d5       13%         2


Dungeon Overview and Level Annotations

Branches:
Dungeon (1/15)

Altars:


Innate Abilities, Weirdness & Mutations

You are completely covered in rugged brown scales. (AC +3, +7% HP)
Armour fits poorly on your strangely shaped body.
You have a long armoured tail.
You roll when moving toward enemies. (Rampage)
Your long tongue fully drains potion bottles. (2x potion effects)
Your tongue gives you trouble enunciating. (1.5x scroll delay)


Message History

HP restored.
You open the door.
Found a ring mail.
A quokka and a goblin come into view.
The goblin is wielding a +0 dagger of venom.
There are monsters nearby!
You roll towards the goblin!
You closely miss the goblin. The goblin barely misses you.
You closely miss the goblin.
The goblin hits you with a +0 dagger of venom.
You are poisoned.
You barely miss the goblin.
You feel sick.
The goblin hits you with a +0 dagger of venom.
You are more poisoned.
You hit the goblin. You punch the goblin, but do no damage.
The goblin is heavily wounded.
You feel very sick. The goblin hits you but does no damage.
You hit the goblin.
You kill the goblin!
You feel sick.
You closely miss the quokka.
You feel sick. The quokka completely misses you.
You barely miss the quokka.
You feel sick. The quokka bites you.
* * * LOW HITPOINT WARNING * * *
You aren't carrying any potions.
You aren't carrying any scrolls.
Unknown command.
Unknown command.
A protective cloak of flame settles atop you.
* * * LOW HITPOINT WARNING * * *
You feel sick. The quokka closely misses you.
You hit the quokka.
You kill the quokka!
* * * LOW HITPOINT WARNING * * *
You feel sick.
* * * LOW HITPOINT WARNING * * *
You feel sick.
Things that are here:
a +0 dagger of venom; a quokka corpse; a goblin corpse You die...

......######.#
#.#.#.#..# ...... #.#
#.#.#.#..##### ......
#.# #.#.#.#.......
###.##.## #.#
#.#.#....##### .....
#.###...####.## .
...##[......# ##.#
..⌠ ...##.#.###♣♣#♣.#
.....#.##.#.##♣<...♣#
.......@)....##♣..♣.♣
###.#####..###
#♣♣#♣.# ##.# ## #.#
#.. .... ###.. #.#


There were no monsters in sight!

Vanquished Creatures
  An endoplasm (D:1)
  2 goblins (D:1)
  A quokka (D:1)
  A kobold (D:1)
5 creatures vanquished.

Notes
Turn   | Place    | Note
-------+----------+-------------------------------------------
     0 | D:1      | barkas the Armataur Cinder Acolyte began the quest for the
                  | Orb.
     0 | D:1      | Reached XP level 1. HP: 19/19 MP: 2/2
   128 | D:1      | Succumbed to a goblin's poison

Illustrated notes

Levels and vault maps discovered:
D:1:      pf_arrival_petrified_forest, layout_basic,
          hangedman_abyss_or_decor_lesser_grid, minmay_misc_feat_rows,
          solitary_fountain, grunt_decor_cap, minivault_24

Action                     || total
---------------------------++-------
  Melee: Unarmed           ||    17
         Tailslap          ||     2
         Punch             ||     1
 Invoke: Fiery Armour      ||     1
 Armour: Robe              ||     3
  Dodge: Dodged            ||     5

Table legend: (Time is in decaauts)
 A = Elapsed time spent in this place.
 B = Non-inter-level travel time spent in this place.
 C = Inter-level travel time spent in this place.
 D = Time resting spent in this place.
 E = Time spent auto-exploring this place.
 F = Levels seen in this place.
 G = Mean time per level.
                   A        B        C        D        E       F      G
               +--------+--------+--------+--------+--------+-----+--------+
         Total |    126 |    126 |      0 |      0 |     87 |   1 |  126.0 |
       Dungeon |    126 |    126 |      0 |      0 |     87 |   1 |  126.0 |
               +--------+--------+--------+--------+--------+-----+--------+

Top non-repeatable levels by time:
     D:1: 126 daAuts
